 Dungeon Crawl Stone Soup version 0.23-a0-622-g59b4ea9 (console) character file.

20 bli the Skirmisher (level 3, 0/30 HPs)
             Began as a Formicid Abyssal Knight on Dec 23, 2018.
             Was a Follower of Lugonu.
             Slain by a gnoll
             ... wielding a +0 halberd
              (1 damage)
             ... on level 1 of the Dungeon.
             The game lasted 00:02:21 (529 turns).

bli the Skirmisher (Formicid Abyssal Knight)         Turns: 529, Time: 00:02:22

Health: 0/30       AC:  3    Str: 17    XL:     3   Next: 0%
Magic:  4/4        EV: 11    Int: 11    God:    Lugonu [*.....]
Gold:   36         SH:  0    Dex: 10    Spells: 2/2 levels left

rFire    . . .     SeeInvis +   a - +1 hand axe
rCold    . . .     Gourm    .   (no shield)
rNeg     . . .     Faith    .   b - +0 leather armour
rPois    .         Spirit   .   (helmet unavailable)
rElec    .         Reflect  .   (no cloak)
rCorr    .         Harm     .   (no gloves)
MR       .....                  (no boots)
Stlth    +.........             (no amulet)
HPRegen  0.10/turn              (no ring)
MPRegen  0.09/turn              (no ring)

@: no status effects
A: permanent stasis, dig shafts and tunnels, four strong arms, antennae 3
a: Dig, Shaft Self, Depart the Abyss, Renounce Religion


You were on level 1 of the Dungeon.
You worshipped Lugonu.
Lugonu was aware of your devotion.
You were not hungry.

You visited 1 branch of the dungeon, and saw 1 of its levels.
You visited the Abyss 1 time.

You collected 36 gold pieces.

Inventory:

Hand Weapons
 a - a +1 hand axe (weapon)
Missiles
 d - 54 stones (quivered)
 e - 20 sling bullets
 j - 2 tomahawks
Armour
 b - a +0 leather armour (worn)
Scrolls
 g - a scroll of enchant weapon {unknown}
Potions
 h - a potion of ambrosia {unknown}
 i - a potion of agility {unknown}
 k - a potion of flight {unknown}
Comestibles
 c - 3 rations
 f - 7 chunks of flesh


   Skills:
 + Level 4.0 Fighting
 + Level 2.0 Axes
 - Level 2.1 Armour
 * Level 1.3 Dodging
 + Level 0.1 Stealth
 + Level 2.1 Invocations


You had 2 spell levels left.
You didn't know any spells.
Your spell library was empty.

Dungeon Overview and Level Annotations

Branches:
Dungeon (1/15)

Altars:


Innate Abilities, Weirdness & Mutations

You cannot be hasted, slowed, berserked, paralysed or teleported.
You can dig through walls and to a lower floor.
Your four strong arms can wield two-handed weapons with a shield.
You have a pair of large antennae on your head. (SInv)


Message History

k - a yellow potion The gnoll throws a stone.
The stone hits you.
* * * LOW HITPOINT WARNING * * *
The gnoll barely misses you.
Things that are here:
a +0 short sword; a kobold corpse You hit the gnoll.
The gnoll is heavily wounded.
The gnoll hits you with a +0 halberd!
* * * LOW HITPOINT WARNING * * *
You closely miss the gnoll.
The gnoll is heavily wounded.
The gnoll hits you but does no damage.
You hit the gnoll.
The gnoll is severely wounded.
The gnoll barely misses you.
You closely miss the gnoll.
The gnoll is severely wounded.
The gnoll hits you with a +0 halberd.
You die...

...... #.........
+.....####........
#.....#..........#
#.....#..........# #
##.....#..........+ #
.......#..........# #
.......#.(..(.....######
......)#.†.............+
..≈..(g@†..###'#'##....#
..........(###†#.÷.....#
≈.........((...#.#####.#
≈..........#####.#.....#
...........##...........
..≈........##.[.........
...........##...........
...........##...........
........##...........
....... #...........
#...........


You could see a gnoll.

Vanquished Creatures
  2 giant cockroaches (D:1)
  3 hobgoblins (D:1)
  4 jackals (D:1)
  4 bats (D:1)
  2 frilled lizards (D:1)
  A goblin (D:1)
  2 kobolds (D:1)
  A rat (D:1)
19 creatures vanquished.

Notes
Turn   | Place    | Note
-------+----------+-------------------------------------------
     0 | Abyss:1  | bli the Formicid Abyssal Knight began the quest for the
                  | Orb.
     0 | Abyss:1  | Reached XP level 1. HP: 18/18 MP: 2/2
   104 | D:1      | Escaped the Abyss
   167 | D:1      | Reached skill level 1 in Dodging
   322 | D:1      | Reached XP level 2. HP: 25/25 MP: 3/3
   480 | D:1      | Reached skill level 4 in Fighting
   483 | D:1      | Reached * piety under Lugonu
   517 | D:1      | Reached XP level 3. HP: 12/30 MP: 4/4
   526 | D:1      | HP: 1/30 [gnoll/+0 halberd (8)]
   529 | D:1      | Slain by a gnoll

Vault maps used:
D:1:      lightli_arrival_isolated_outpost, skrybe_limestone_x,
          minmay_tetromino_i2

Skill      XL: |  1  2 |
---------------+-------+-----
Dodging        | 1 |  1.3
Fighting       | 4 |  4.0
Axes           | |  2.0
Armour         | |  2.1
Stealth        | |  0.1
Invocations    | |  2.1

Action                   || total
-------------------------++-------
Melee: Hand axe          ||    52
Throw: Stone             ||     1
Invok: Depart the Abyss  ||     1
Armor: Leather armour    ||    21
Dodge: Dodged            ||    49

Table legend:
 A = Non-vault XP
 B = Vault XP
 C = Vault XP percentage of total XP
 D = Non-vault monster count
 E = Vault monster count
 F = Vault count percentage of total count
                 A         B        C        D         E       F
            +---------+---------+-------+---------+---------+-------
      Total |      26 |       3 |  10.3 |      17 |       2 |  10.5
            +---------+---------+-------+---------+---------+-------
        D:1 |      26 |       3 |  10.3 |      17 |       2 |  10.5
            +---------+---------+-------+---------+---------+-------
